AoeStats
← BottleDry

MegaRandom

505997260Analyzed
2v2 RM · 22d ago on Sep 12, 2026· 32m 28s· 4 players
Game mode
Random Map
Map size
Medium (4 player)
Population
200
Speed
Normal
Resources
Standard
Victory
Conquest
Starting age
Dark Age
Ending age
Imperial Age
RankedLock teamsTeams togetherTeam positionsShared explorationLock speedFull tech treeHidden civsTurbo modeCheats
Victory
Defeat
🇺🇸 Teutons · United States
1096
+11
🇺🇸 Magyars · United States
897
+20
🇪🇸 Huns · Spain
1006
-16
🇪🇸 Vietnamese · Spain
962
-38
juanjinpoker
11:34 Feudal Age
12:24 Double-Bit Axe
12:22 Horse Collar
13:45 Wheelbarrow
15:33 Bloodlines
21:46 Castle Age
22:51 Husbandry
23:12 Bow Saw
24:48 Elite Skirmisher
27:30 Light Cavalry
32:39 Fletching
32:50 Padded Archer Armor
Keywar
7:12 Loom
7:19 Loom
11:05 Feudal Age
11:37 Double-Bit Axe
11:33 Horse Collar
16:22 Fletching
16:34 Padded Archer Armor
17:40 Wheelbarrow
18:48 Gold Mining
27:58 Castle Age
29:22 Bodkin Arrow
29:42 Leather Archer Armor
31:21 Hand Cart
31:13 Elite Skirmisher
Age_noob
3:03 Loom
12:23 Feudal Age
13:00 Double-Bit Axe
16:29 Fishing Lines
19:47 Castle Age
18:32 Gold Mining
18:26 Horse Collar
20:46 Wheelbarrow
20:56 Bow Saw
23:00 Stone Mining
24:10 Gillnets
28:00 Crossbowman
29:16 Fletching
29:29 Padded Archer Armor
28:51 Elite Skirmisher
31:25 Leather Archer Armor
31:06 Bodkin Arrow
31:15 Town Watch
35:09 Imperial Age
BottleDry
6:55 Loom
10:20 Feudal Age
11:13 Double-Bit Axe
11:10 Horse Collar
23:04 Castle Age
21:31 Scale Mail Armor
24:09 Scale Barding Armor
24:03 Elite Skirmisher
24:54 Fletching
25:31 Heavy Plow
25:57 Chain Mail Armor
26:51 Bodkin Arrow
26:57 Padded Archer Armor
29:12 Wheelbarrow
29:08 Gold Mining
31:26 Leather Archer Armor
32:19 Husbandry
Connection lost

Rejoining the realm…

Still unreachable

The connection could not be restored.

Session expired

The server has moved on; the page needs a fresh start.